Capitals vs Lightning

Created - 14 janvier 2018 at 16:58

Goals
1 2 3 T
Capitals 2 0 2 4
Lightning 1 0 1 2
Shots
1 2 3 T
Capitals 13 2 9 24
Lightning 9 11 16 36

1st period

1. Lightning , Matt Hendricks 6 (Dennis Wideman 8, Troy Brouwer 6) at 5:58
2. Capitals , Sergey Kalinin 2 (Morgan Rielly 8, David Desharnais 11) at 16:49
3. Capitals , Taylor Hall 18 (Ryan Kesler 36, Alexander Ovechkin 20) at 19:16

Penalties :
Derek Dorsett (WSH) for Interference (Minor) at 9:31

2nd period

No Goal

Penalties :
Patrick Eaves (TBL) for Slashing (Minor) at 14:53, Mathieu Perreault (WSH) for Hooking (Minor) at 18:54

3rd period

4. Capitals , Ryan McDonagh 7 (Cody Eakin 13, David Desharnais 12) at 1:25 (SH)
5. Lightning , Erik Gudbranson 1 (Matt Hendricks 7, Henrik Sedin 14) at 10:53
6. Capitals , Taylor Hall 19 (Ryan Kesler 37) at 10:59

Penalties :
Calvin de Haan (WSH) for Diving (Minor) at 1:07, Erik Gudbranson (TBL) for Interference (Minor) at 16:08

Goalie Stats

Cam Ward (WSH), 34 saves from 36 shots - (0.944), W, 24-15-4, 60:00 minutes
Kari Lehtonen (TBL), 20 saves from 24 shots - (0.833), L, 24-12-5, 60:00 minutes

Players Stats for Capitals

Player Name              G  A  P  +/- PIM S  H  SB GA TA FO     MP     PP MP  PK MP  
------------------------------------------------------------------------------------
Alexander Ovechkin       0  1  1   1  0   0  1  0  0  0  0/1    23:09   2:15   1:54 
Calvin de Haan           0  0  0  -1  2   0  1  1  0  0  0/0    20:54   1:43   1:43 
Cody Eakin               0  1  1   0  0   2  1  0  0  0  3/7    20:27   1:43   3:26 
David Desharnais         0  2  2   2  0   3  1  0  0  0  5/9    19:52   1:43   3:25 
Derek Dorsett            0  0  0   0  2   0  0  1  0  0  0/0     5:54   0:00   0:00 
Dmitri Orlov             0  0  0   3  0   0  2  0  0  0  0/0    15:45   0:00   0:42 
Jack Johnson             0  0  0   1  0   0  1  1  0  0  0/0    23:33   2:15   3:32 
Lukas Sedlak             0  0  0   1  0   6  1  0  0  0  0/0    14:21   0:00   0:00 
Mathieu Perreault        0  0  0  -1  2   1  1  0  0  0  6/13   10:48   0:00   0:00 
Mike Blunden             0  0  0   0  0   0  0  0  0  0  0/1     5:55   0:00   0:00 
Mike Green               0  0  0  -1  0   1  2  0  0  0  0/0    20:21   1:43   3:01 
Morgan Rielly            0  1  1   2  0   0  0  1  0  0  0/0     6:15   0:00   0:00 
Ryan Kesler              0  2  2   1  0   5  1  0  0  0  14/28  22:08   2:15   0:15 
Ryan McDonagh            1  0  1   0  0   3  0  5  0  0  0/0    25:09   2:15   2:56 
Ryan Murphy              0  0  0   0  0   0  0  0  0  0  0/0     8:02   0:00   0:00 
Sergey Kalinin           1  0  1   1  0   1  2  0  0  0  10/17  14:30   0:00   0:00 
Taylor Hall              2  0  2   1  0   2  0  0  0  0  0/4    24:09   2:15   2:54 
Viktor Stalberg          0  0  0  -1  0   0  0  0  0  0  0/5    12:48   1:43   0:00 

Players Stats for Lightning

Player Name              G  A  P  +/- PIM S  H  SB GA TA FO     MP     PP MP  PK MP  
------------------------------------------------------------------------------------
Andrej Sekera            0  0  0  -2  0   1  3  0  0  0  0/0    24:03   3:14   2:40 
Dennis Wideman           0  1  1   1  0   0  0  0  0  0  0/0    15:14   0:19   1:09 
Erik Gudbranson          1  0  1   0  2   2  6  0  0  0  0/0    18:28   0:19   0:00 
Henrik Sedin             0  1  1   2  0   2  1  0  0  0  14/18  14:22   0:00   2:39 
Henrik Zetterberg        0  0  0  -4  0   1  1  0  0  0  11/26  19:23   2:47   0:40 
Jeff Carter              0  0  0   0  0   3  1  0  0  0  16/28  20:51   3:10   0:00 
Johnny Gaudreau          0  0  0   0  0   6  0  0  0  0  0/1    21:13   3:10   0:22 
Kevin Klein              0  0  0   0  0   1  0  2  0  0  0/0    19:15   2:24   1:30 
Kyle Quincey             0  0  0  -1  0   2  4  1  0  0  0/0    21:05   2:28   0:27 
Matt Hendricks           1  1  2   2  0   4  0  0  0  0  0/1    11:43   0:00   0:00 
Patric Hornqvist         0  0  0   0  0   2  1  0  0  0  0/0    20:18   2:37   0:00 
Patrick Eaves            0  0  0  -4  2   4  4  0  0  0  0/1    22:22   2:24   0:00 
Teddy Purcell            0  0  0   0  0   0  0  0  0  0  0/0     0:00   0:00   0:00 
Tobias Rieder            0  0  0  -3  0   1  0  0  0  0  0/0    16:24   0:37   0:00 
Travis Zajac             0  0  0   0  0   1  1  0  0  0  6/9     6:21   0:00   0:54 
Trevor Daley             0  0  0  -2  0   1  0  1  0  0  0/0    21:54   3:10   2:10 
Troy Brouwer             0  1  1   1  0   2  0  0  0  0  0/1    16:21   2:47   2:24 
Vernon Fiddler           0  0  0   0  0   3  0  0  0  0  0/0     6:43   0:19   0:57 

3 Stars

1 - Taylor Hall (WSH)
2 - David Desharnais (WSH)
3 - Matt Hendricks (TBL)

Power Play

Capitals - 0 on 2 Attempt(s) - 0.00%
Lightning - 0 on 3 Attempt(s) - 0.00%

Penalty Kill

Capitals - 3 on 3 Attempt(s) - 100.00% - Score 1 goal in Penalty Kill
Lightning - 2 on 2 Attempt(s) - 100.00% - Score 0 goal in Penalty Kill

Team Stat

Capitals - Hits : 14 - Faceoff Wins : 38 - Blocked Shots : 9 - Penalty Minutes : 6
Lightning - Hits : 22 - Faceoff Wins : 47 - Blocked Shots : 4 - Penalty Minutes : 4

Official

Referees : Frederick L'Ecuyer and Gord Dwyer
Linesman : Bryan Pancich and Brian Murphy

Game Notes

Morgan Rielly is injured at 4:09 of 2nd period (Lower Body)

Finance

Level 1 -- Attendance: 6500 (100.00%) -- Ticket Income 715 000 $
Level 2 -- Attendance: 3821 (76.42%) -- Ticket Income 362 995 $
Level 3 -- Attendance: 2127 (60.77%) -- Ticket Income 159 525 $
Level 4 -- Attendance: 2223 (69.38%) -- Ticket Income 100 035 $
Luxury Box -- Attendance: 456 (45.60%) -- Ticket Income 164 160 $
Game was played at the Amalie Arena.
Total Attendance: 15127 (78.77%)
Total Ticket Income: 1 501 715 $
Other Income: 225 257 $
Total Income: 1 726 972 $

% Time on Ice - Capitals

Lines # - Real PCT - Wanted PCT - Time Play
Normal Forward
1 - 38% - 40% - 19:00
2 - 29% - 30% - 14:21
3 - 22% - 20% - 10:49
4 - 12% - 10% - 5:55
Normal Defense
1 - 24% - 40% - 12:02
2 - 29% - 30% - 14:25
3 - 31% - 20% - 15:42
4 - 16% - 10% - 7:56
PP Forward
1 - 57% - 60% - 2:15
2 - 43% - 40% - 1:43
PP Defense
1 - 57% - 60% - 2:15
2 - 43% - 40% - 1:43
PK Forward
1 - 68% - 60% - 4:03
2 - 32% - 40% - 1:54
PK Defense
1 - 49% - 60% - 2:56
2 - 51% - 40% - 3:01
PK3 Forward
1 - 0% - 60%
2 - 0% - 40%
PK3 Defense
1 - 0% - 60%
2 - 0% - 40%
44 Forward
1 - 0% - 60%
2 - 0% - 40%
44 Defense
1 - 0% - 60%
2 - 0% - 40%
Last Minute Offensive  - 0:00
Last Minute Defensive  - 0:00
Total
Forward - 60:00
Defense - 60:00

% Time on Ice - Lightning

Lines # - Real PCT - Wanted PCT - Time Play
Normal Forward
1 - 35% - 40% - 17:41
2 - 30% - 30% - 15:14
3 - 23% - 20% - 11:43
4 - 11% - 10% - 5:27
Normal Defense
1 - 33% - 40% - 16:34
2 - 36% - 30% - 18:10
3 - 27% - 20% - 13:46
4 - 3% - 10% - 1:35
PP Forward
1 - 53% - 60% - 3:10
2 - 47% - 40% - 2:47
PP Defense
1 - 53% - 60% - 3:10
2 - 47% - 40% - 2:47
PK Forward
1 - 84% - 60% - 3:19
2 - 16% - 40% - 0:39
PK Defense
1 - 76% - 60% - 3:02
2 - 24% - 40% - 0:56
PK3 Forward
1 - 0% - 60%
2 - 0% - 40%
PK3 Defense
1 - 0% - 60%
2 - 0% - 40%
44 Forward
1 - 0% - 60%
2 - 0% - 40%
44 Defense
1 - 0% - 60%
2 - 0% - 40%
Last Minute Offensive  - 0:00
Last Minute Defensive  - 0:00
Total
Forward - 60:00
Defense - 60:00

Play by Play

1st period


0:01 of 1st period - Jeff Carter wins face-off versus Ryan Kesler in neutral zone.
0:07 of 1st period - Jeff Carter is hit by Jack Johnson and loses puck.
0:16 of 1st period - Shot by Johnny Gaudreau.
0:16 of 1st period - Shot Misses the Net.
0:20 of 1st period - Shot by Jeff Carter.
0:20 of 1st period - Stopped by Cam Ward without a rebound.
0:21 of 1st period - Henrik Zetterberg wins face-off versus Sergey Kalinin in Capitals zone.
0:27 of 1st period - Henrik Zetterberg is hit by Calvin de Haan and loses puck.
0:33 of 1st period - Patrick Eaves is hit by Mike Green.
0:57 of 1st period - Shot by Patrick Eaves.
0:57 of 1st period - Stopped by Cam Ward without a rebound.
0:58 of 1st period - Mathieu Perreault wins face-off versus Matt Hendricks in Capitals zone.
1:05 of 1st period - Shot by Morgan Rielly.
1:05 of 1st period - Shot Misses the Net.
1:07 of 1st period - Shot by Cody Eakin.
1:07 of 1st period - Stopped by Kari Lehtonen without a rebound.
1:08 of 1st period - Jeff Carter wins face-off versus Taylor Hall in Lightning zone.
1:10 of 1st period - Icing by Patric Hornqvist.
1:11 of 1st period - Jeff Carter wins face-off versus Cody Eakin in Lightning zone.
1:40 of 1st period - Shot by Jeff Carter.
1:40 of 1st period - Shot Blocked by Ryan McDonagh.
2:09 of 1st period - Shot by Henrik Sedin.
2:09 of 1st period - Shot Misses the Net.
2:15 of 1st period - Shot by Troy Brouwer.
2:15 of 1st period - Shot Misses the Net.
2:31 of 1st period - Dennis Wideman is hit by Alexander Ovechkin and loses puck.
2:41 of 1st period - Icing by Morgan Rielly.
2:42 of 1st period - Ryan Kesler wins face-off versus Travis Zajac in Capitals zone.
2:42 of 1st period - Alexander Ovechkin is hit by Travis Zajac and loses puck.
2:48 of 1st period - Icing by Dmitri Orlov.
2:49 of 1st period - Ryan Kesler wins face-off versus Henrik Zetterberg in Capitals zone.
4:03 of 1st period - Shot by Mathieu Perreault.
4:03 of 1st period - Shot Misses the Net.
4:09 of 1st period - Shot by Viktor Stalberg.
4:09 of 1st period - Shot Blocked by Kyle Quincey.
4:28 of 1st period - Icing by Tobias Rieder.
4:29 of 1st period - Henrik Zetterberg wins face-off versus Ryan Kesler in Lightning zone.
4:31 of 1st period - Icing by Patrick Eaves.
4:32 of 1st period - Henrik Zetterberg wins face-off versus Ryan Kesler in Lightning zone.
4:43 of 1st period - Shot by Ryan Kesler.
4:43 of 1st period - Stopped by Kari Lehtonen with a rebound.
4:47 of 1st period - Shot by Ryan Kesler.
4:47 of 1st period - Stopped by Kari Lehtonen without a rebound.
4:48 of 1st period - Sergey Kalinin wins face-off versus Jeff Carter in Lightning zone.
5:06 of 1st period - Icing by Andrej Sekera.
5:07 of 1st period - Jeff Carter wins face-off versus Ryan Kesler in Lightning zone.
5:56 of 1st period - Shot by Dennis Wideman.
5:56 of 1st period - Shot Misses the Net.
5:58 of 1st period - Shot by Matt Hendricks.
5:58 of 1st period - Goal by Matt Hendricks - Capitals : 0 - Lightning : 1.
5:59 of 1st period - Henrik Sedin wins face-off versus Mathieu Perreault in neutral zone.
6:51 of 1st period - Viktor Stalberg is hit by Andrej Sekera and loses puck.
7:20 of 1st period - Shot by Lukas Sedlak.
7:20 of 1st period - Stopped by Kari Lehtonen without a rebound.
7:21 of 1st period - Jeff Carter wins face-off versus Ryan Kesler in Lightning zone.
7:21 of 1st period - Jeff Carter is hit by Ryan Kesler.
7:41 of 1st period - Shot by Alexander Ovechkin.
7:41 of 1st period - Deflect By Ryan Kesler.
7:41 of 1st period - Shot Misses the Net.
8:12 of 1st period - Icing by Ryan Kesler.
8:13 of 1st period - Ryan Kesler wins face-off versus Henrik Zetterberg in Capitals zone.
8:17 of 1st period - Off-side.
8:18 of 1st period - Travis Zajac wins face-off versus Sergey Kalinin in neutral zone.
8:21 of 1st period - Shot by Patrick Eaves.
8:21 of 1st period - Shot Misses the Net.
8:23 of 1st period - Shot by Vernon Fiddler.
8:23 of 1st period - Stopped by Cam Ward without a rebound.
8:24 of 1st period - Sergey Kalinin wins face-off versus Henrik Zetterberg in Capitals zone.
9:27 of 1st period - Cody Eakin is hit by Kyle Quincey and loses puck.
9:31 of 1st period - Minor Penalty to Derek Dorsett for Interference.
9:32 of 1st period - Jeff Carter wins face-off versus Taylor Hall in Capitals zone.
11:04 of 1st period - Alexander Ovechkin is hit by Jeff Carter and loses puck.
11:43 of 1st period - Shot by Henrik Sedin.
11:43 of 1st period - Shot Blocked by Morgan Rielly.
11:45 of 1st period - Shot by Matt Hendricks.
11:45 of 1st period - Shot Misses the Net.
11:53 of 1st period - Shot by Tobias Rieder.
11:53 of 1st period - Shot Misses the Net.
12:22 of 1st period - Icing by Kyle Quincey.
12:23 of 1st period - Travis Zajac wins face-off versus Mike Blunden in Lightning zone.
13:40 of 1st period - Shot by Henrik Sedin.
13:40 of 1st period - Stopped by Cam Ward without a rebound.
13:41 of 1st period - Sergey Kalinin wins face-off versus Jeff Carter in Capitals zone.
14:00 of 1st period - Shot by Sergey Kalinin.
14:00 of 1st period - Shot Misses the Net.
14:02 of 1st period - Shot by Lukas Sedlak.
14:02 of 1st period - Stopped by Kari Lehtonen with a rebound.
14:04 of 1st period - Shot by Sergey Kalinin.
14:04 of 1st period - Shot Blocked by Kevin Klein.
14:06 of 1st period - Shot by Lukas Sedlak.
14:06 of 1st period - Stopped by Kari Lehtonen with a rebound.
14:08 of 1st period - Shot by Lukas Sedlak.
14:08 of 1st period - Stopped by Kari Lehtonen without a rebound.
14:09 of 1st period - Henrik Sedin wins face-off versus Ryan Kesler in Lightning zone.
14:22 of 1st period - Shot by Ryan Kesler.
14:22 of 1st period - Stopped by Kari Lehtonen without a rebound.
14:23 of 1st period - Ryan Kesler wins face-off versus Jeff Carter in Lightning zone.
14:31 of 1st period - Ryan Kesler is hit by Andrej Sekera and loses puck.
14:37 of 1st period - Off-side.
14:38 of 1st period - Sergey Kalinin wins face-off versus Troy Brouwer in neutral zone.
16:35 of 1st period - Shot by Johnny Gaudreau.
16:35 of 1st period - Stopped by Cam Ward with a rebound.
16:41 of 1st period - Shot by Mathieu Perreault.
16:41 of 1st period - Stopped by Kari Lehtonen without a rebound.
16:42 of 1st period - David Desharnais wins face-off versus Henrik Zetterberg in Lightning zone.
16:49 of 1st period - Shot by Sergey Kalinin.
16:49 of 1st period - Goal by Sergey Kalinin - Capitals : 1 - Lightning : 1.
16:50 of 1st period - Cody Eakin wins face-off versus Patrick Eaves in neutral zone.
16:54 of 1st period - Dmitri Orlov is hit by Patrick Eaves and loses puck.
17:01 of 1st period - Shot by Patrick Eaves.
17:01 of 1st period - Stopped by Cam Ward without a rebound.
17:02 of 1st period - Travis Zajac wins face-off versus Ryan Kesler in Capitals zone.
17:03 of 1st period - Shot by Vernon Fiddler.
17:03 of 1st period - Stopped by Cam Ward without a rebound.
17:04 of 1st period - Ryan Kesler wins face-off versus Henrik Zetterberg in Capitals zone.
17:23 of 1st period - Shot by Patrick Eaves.
17:23 of 1st period - Shot Misses the Net.
17:25 of 1st period - Shot by Patrick Eaves.
17:25 of 1st period - Shot Misses the Net.
17:27 of 1st period - Shot by Tobias Rieder.
17:27 of 1st period - Stopped by Cam Ward without a rebound.
17:28 of 1st period - Jeff Carter wins face-off versus Sergey Kalinin in Capitals zone.
17:34 of 1st period - Off-side.
17:35 of 1st period - Mathieu Perreault wins face-off versus Jeff Carter in neutral zone.
18:39 of 1st period - Shot by David Desharnais.
18:39 of 1st period - Stopped by Kari Lehtonen with a rebound.
18:41 of 1st period - Shot by Calvin de Haan.
18:41 of 1st period - Shot Misses the Net.
18:43 of 1st period - Shot by Lukas Sedlak.
18:43 of 1st period - Stopped by Kari Lehtonen with a rebound.
18:50 of 1st period - Sergey Kalinin is hit by Andrej Sekera and loses puck.
19:01 of 1st period - Andrej Sekera is hit by Lukas Sedlak and loses puck.
19:14 of 1st period - Shot by Alexander Ovechkin.
19:14 of 1st period - Shot Misses the Net.
19:16 of 1st period - Shot by Ryan Kesler.
19:16 of 1st period - Deflect By Taylor Hall.
19:16 of 1st period - Goal by Taylor Hall - Capitals : 2 - Lightning : 1.
19:17 of 1st period - Henrik Sedin wins face-off versus Ryan Kesler in neutral zone.
19:25 of 1st period - Icing by Dmitri Orlov.
19:26 of 1st period - Ryan Kesler wins face-off versus Johnny Gaudreau in Capitals zone.
19:54 of 1st period - Johnny Gaudreau is hit by Dmitri Orlov and loses puck.
Goals for this period are 2 for Capitals vs 1 for Lightning.
Shots for this period are 13 for Capitals vs 9 for Lightning.

2nd period


0:01 of 2nd period - Jeff Carter wins face-off versus Sergey Kalinin in neutral zone.
0:22 of 2nd period - Shot by Johnny Gaudreau.
0:22 of 2nd period - Stopped by Cam Ward with a rebound.
0:24 of 2nd period - Shot by Patric Hornqvist.
0:24 of 2nd period - Shot Blocked by Ryan McDonagh.
0:30 of 2nd period - Shot by Johnny Gaudreau.
0:30 of 2nd period - Deflect By Jeff Carter.
0:30 of 2nd period - Shot Blocked by Ryan McDonagh.
0:49 of 2nd period - Ryan McDonagh is hit by Patrick Eaves and loses puck.
1:16 of 2nd period - Shot by Patrick Eaves.
1:16 of 2nd period - Stopped by Cam Ward without a rebound.
1:17 of 2nd period - Henrik Sedin wins face-off versus Ryan Kesler in Capitals zone.
1:54 of 2nd period - Ryan Kesler is hit by Erik Gudbranson and loses puck.
2:35 of 2nd period - Shot by Patric Hornqvist.
2:35 of 2nd period - Stopped by Cam Ward without a rebound.
2:36 of 2nd period - Cody Eakin wins face-off versus Henrik Zetterberg in Capitals zone.
3:09 of 2nd period - Shot by Patrick Eaves.
3:09 of 2nd period - Deflect By Henrik Zetterberg.
3:09 of 2nd period - Shot Blocked by Ryan McDonagh.
3:11 of 2nd period - Shot by Kevin Klein.
3:11 of 2nd period - Stopped by Cam Ward without a rebound.
3:12 of 2nd period - Jeff Carter wins face-off versus Alexander Ovechkin in Capitals zone.
4:08 of 2nd period - Morgan Rielly is hit by Kyle Quincey and loses puck.
4:09 of 2nd period - Morgan Rielly from Capitals is injured at 4:09 of 2nd period (Lower Body).
4:10 of 2nd period - Sergey Kalinin wins face-off versus Henrik Zetterberg in Lightning zone.
4:47 of 2nd period - Shot by Henrik Zetterberg.
4:47 of 2nd period - Shot Misses the Net.
5:05 of 2nd period - Shot by Matt Hendricks.
5:05 of 2nd period - Stopped by Cam Ward with a rebound.
5:36 of 2nd period - Icing by Mike Green.
5:37 of 2nd period - Jeff Carter wins face-off versus David Desharnais in Capitals zone.
5:38 of 2nd period - Shot by Patric Hornqvist.
5:38 of 2nd period - Stopped by Cam Ward without a rebound.
5:39 of 2nd period - Jeff Carter wins face-off versus Mathieu Perreault in Capitals zone.
5:47 of 2nd period - Icing by Jack Johnson.
5:48 of 2nd period - Mathieu Perreault wins face-off versus Henrik Zetterberg in Capitals zone.
6:51 of 2nd period - Shot by Johnny Gaudreau.
6:51 of 2nd period - Shot Blocked by Jack Johnson.
7:50 of 2nd period - Shot by Andrej Sekera.
7:50 of 2nd period - Stopped by Cam Ward without a rebound.
7:51 of 2nd period - David Desharnais wins face-off versus Travis Zajac in Capitals zone.
9:35 of 2nd period - Shot by Johnny Gaudreau.
9:35 of 2nd period - Stopped by Cam Ward without a rebound.
9:36 of 2nd period - Henrik Zetterberg wins face-off versus Cody Eakin in Capitals zone.
9:43 of 2nd period - Shot by Henrik Zetterberg.
9:43 of 2nd period - Shot Blocked by Derek Dorsett.
10:22 of 2nd period - Off-side.
10:23 of 2nd period - Jeff Carter wins face-off versus Sergey Kalinin in neutral zone.
10:48 of 2nd period - Trevor Daley is hit by Sergey Kalinin and loses puck.
11:16 of 2nd period - Icing by Andrej Sekera.
11:17 of 2nd period - Mathieu Perreault wins face-off versus Jeff Carter in Lightning zone.
11:36 of 2nd period - Shot by Viktor Stalberg.
11:36 of 2nd period - Shot Blocked by Trevor Daley.
11:40 of 2nd period - Shot by Cody Eakin.
11:40 of 2nd period - Shot Misses the Net.
12:18 of 2nd period - Shot by Henrik Sedin.
12:18 of 2nd period - Shot Blocked by Ryan McDonagh.
13:18 of 2nd period - Tobias Rieder is hit by Mike Green and loses puck.
13:39 of 2nd period - Jack Johnson is hit by Erik Gudbranson and loses puck.
14:00 of 2nd period - Derek Dorsett is hit by Kyle Quincey and loses puck.
14:24 of 2nd period - Icing by Kyle Quincey.
14:25 of 2nd period - Mathieu Perreault wins face-off versus Henrik Zetterberg in Lightning zone.
14:29 of 2nd period - Viktor Stalberg is hit by Erik Gudbranson and loses puck.
14:33 of 2nd period - Mathieu Perreault is hit by Erik Gudbranson and loses puck.
14:50 of 2nd period - Icing by Kyle Quincey.
14:51 of 2nd period - Henrik Zetterberg wins face-off versus Sergey Kalinin in Lightning zone.
14:53 of 2nd period - Minor Penalty to Patrick Eaves for Slashing.
14:54 of 2nd period - Ryan Kesler wins face-off versus Henrik Sedin in Lightning zone.
15:54 of 2nd period - Icing by Jack Johnson.
15:55 of 2nd period - Henrik Sedin wins face-off versus Ryan Kesler in Capitals zone.
16:30 of 2nd period - Shot by Mike Green.
16:30 of 2nd period - Stopped by Kari Lehtonen without a rebound.
16:31 of 2nd period - Henrik Sedin wins face-off versus Viktor Stalberg in Lightning zone.
16:57 of 2nd period - Johnny Gaudreau is hit by Dmitri Orlov and loses puck.
17:09 of 2nd period - Icing by Dmitri Orlov.
17:10 of 2nd period - Sergey Kalinin wins face-off versus Jeff Carter in Capitals zone.
17:20 of 2nd period - Icing by Jeff Carter.
17:21 of 2nd period - Jeff Carter wins face-off versus Cody Eakin in Lightning zone.
17:23 of 2nd period - Icing by Johnny Gaudreau.
17:24 of 2nd period - Ryan Kesler wins face-off versus Jeff Carter in Lightning zone.
17:44 of 2nd period - Shot by Jeff Carter.
17:44 of 2nd period - Deflect By Johnny Gaudreau.
17:44 of 2nd period - Stopped by Cam Ward without a rebound.
17:45 of 2nd period - Henrik Sedin wins face-off versus Mathieu Perreault in Capitals zone.
17:58 of 2nd period - Shot by Matt Hendricks.
17:58 of 2nd period - Stopped by Cam Ward without a rebound.
17:59 of 2nd period - Travis Zajac wins face-off versus Ryan Kesler in Capitals zone.
18:26 of 2nd period - Icing by Vernon Fiddler.
18:27 of 2nd period - Travis Zajac wins face-off versus Sergey Kalinin in Lightning zone.
18:27 of 2nd period - Patrick Eaves is hit by Sergey Kalinin and loses puck.
18:34 of 2nd period - Shot by David Desharnais.
18:34 of 2nd period - Stopped by Kari Lehtonen without a rebound.
18:35 of 2nd period - Jeff Carter wins face-off versus Mathieu Perreault in Lightning zone.
18:35 of 2nd period - Jeff Carter is hit by Mathieu Perreault.
18:45 of 2nd period - Shot by Jeff Carter.
18:45 of 2nd period - Shot Misses the Net.
18:54 of 2nd period - Minor Penalty to Mathieu Perreault for Hooking.
18:55 of 2nd period - Henrik Zetterberg wins face-off versus David Desharnais in Capitals zone.
19:26 of 2nd period - Shot by Patrick Eaves.
19:26 of 2nd period - Shot Misses the Net.
19:28 of 2nd period - Shot by Kyle Quincey.
19:28 of 2nd period - Shot Hit the Post.
19:30 of 2nd period - Shot by Patrick Eaves.
19:30 of 2nd period - Stopped by Cam Ward with a rebound.
19:41 of 2nd period - Icing by Trevor Daley.
19:42 of 2nd period - Jeff Carter wins face-off versus Taylor Hall in Lightning zone.
Goals for this period are 0 for Capitals vs 0 for Lightning.
Shots for this period are 2 for Capitals vs 11 for Lightning.

3rd period


0:01 of 3rd period - David Desharnais wins face-off versus Jeff Carter in neutral zone.
0:10 of 3rd period - Shot by Jeff Carter.
0:10 of 3rd period - Stopped by Cam Ward with a rebound.
0:31 of 3rd period - Shot by Jeff Carter.
0:31 of 3rd period - Shot Misses the Net.
1:03 of 3rd period - Shot by Travis Zajac.
1:03 of 3rd period - Shot Blocked by Calvin de Haan.
1:05 of 3rd period - Shot by Travis Zajac.
1:05 of 3rd period - Stopped by Cam Ward with a rebound.
1:07 of 3rd period - Shot by Vernon Fiddler.
1:07 of 3rd period - Stopped by Cam Ward without a rebound.
1:07 of 3rd period - Minor Penalty to Calvin de Haan for Diving.
1:08 of 3rd period - David Desharnais wins face-off versus Henrik Zetterberg in Capitals zone.
1:19 of 3rd period - Shot by David Desharnais.
1:19 of 3rd period - Shot Misses the Net.
1:21 of 3rd period - Shot by Cody Eakin.
1:21 of 3rd period - Stopped by Kari Lehtonen with a rebound.
1:23 of 3rd period - Shot by Ryan McDonagh.
1:23 of 3rd period - Shot Blocked by Kevin Klein.
1:25 of 3rd period - Shot by Ryan McDonagh.
1:25 of 3rd period - Goal by Ryan McDonagh - Capitals : 3 - Lightning : 1.
1:26 of 3rd period - Jeff Carter wins face-off versus Taylor Hall in neutral zone.
1:44 of 3rd period - Andrej Sekera is hit by David Desharnais and loses puck.
1:53 of 3rd period - Shot by Jeff Carter.
1:53 of 3rd period - Shot Hit the Post.
2:58 of 3rd period - Shot by Jeff Carter.
2:58 of 3rd period - Stopped by Cam Ward without a rebound.
2:59 of 3rd period - Henrik Zetterberg wins face-off versus David Desharnais in Capitals zone.
3:00 of 3rd period - Shot by Troy Brouwer.
3:00 of 3rd period - Shot Misses the Net.
3:02 of 3rd period - Shot by Kyle Quincey.
3:02 of 3rd period - Stopped by Cam Ward without a rebound.
3:03 of 3rd period - Henrik Zetterberg wins face-off versus David Desharnais in Capitals zone.
3:22 of 3rd period - Shot by Matt Hendricks.
3:22 of 3rd period - Stopped by Cam Ward with a rebound.
3:24 of 3rd period - Shot by Erik Gudbranson.
3:24 of 3rd period - Stopped by Cam Ward without a rebound.
3:25 of 3rd period - Sergey Kalinin wins face-off versus Travis Zajac in Capitals zone.
3:31 of 3rd period - Icing by Jack Johnson.
3:32 of 3rd period - Sergey Kalinin wins face-off versus Jeff Carter in Capitals zone.
3:56 of 3rd period - Shot by Johnny Gaudreau.
3:56 of 3rd period - Shot Misses the Net.
4:19 of 3rd period - Icing by Ryan McDonagh.
4:20 of 3rd period - Ryan Kesler wins face-off versus Henrik Zetterberg in Capitals zone.
4:33 of 3rd period - Ryan Kesler is hit by Patrick Eaves and loses puck.
4:37 of 3rd period - Taylor Hall is hit by Patrick Eaves and loses puck.
4:54 of 3rd period - Shot by Ryan Kesler.
4:54 of 3rd period - Stopped by Kari Lehtonen with a rebound.
4:56 of 3rd period - Shot by Ryan Murphy.
4:56 of 3rd period - Shot Misses the Net.
5:14 of 3rd period - Icing by Cody Eakin.
5:15 of 3rd period - Henrik Sedin wins face-off versus Mathieu Perreault in Capitals zone.
5:18 of 3rd period - Shot by Henrik Sedin.
5:18 of 3rd period - Stopped by Cam Ward without a rebound.
5:19 of 3rd period - Henrik Sedin wins face-off versus Cody Eakin in Capitals zone.
6:30 of 3rd period - Jack Johnson is hit by Kyle Quincey.
6:48 of 3rd period - Shot by Johnny Gaudreau.
6:48 of 3rd period - Stopped by Cam Ward without a rebound.
6:49 of 3rd period - Ryan Kesler wins face-off versus Henrik Zetterberg in Capitals zone.
6:49 of 3rd period - Ryan Kesler is hit by Henrik Zetterberg.
7:10 of 3rd period - Shot by Ryan Kesler.
7:10 of 3rd period - Stopped by Kari Lehtonen with a rebound.
7:48 of 3rd period - Kyle Quincey is hit by Cody Eakin.
8:25 of 3rd period - Icing by Dmitri Orlov.
8:26 of 3rd period - Sergey Kalinin wins face-off versus Henrik Sedin in Capitals zone.
8:48 of 3rd period - Shot by Henrik Sedin.
8:48 of 3rd period - Shot Misses the Net.
8:50 of 3rd period - Shot by Trevor Daley.
8:50 of 3rd period - Stopped by Cam Ward without a rebound.
8:51 of 3rd period - Travis Zajac wins face-off versus Ryan Kesler in Capitals zone.
9:08 of 3rd period - Shot by Patrick Eaves.
9:08 of 3rd period - Shot Misses the Net.
10:15 of 3rd period - Icing by Andrej Sekera.
10:16 of 3rd period - David Desharnais wins face-off versus Jeff Carter in Lightning zone.
10:17 of 3rd period - Shot by Ryan McDonagh.
10:17 of 3rd period - Stopped by Kari Lehtonen without a rebound.
10:18 of 3rd period - Sergey Kalinin wins face-off versus Henrik Sedin in Lightning zone.
10:27 of 3rd period - Shot by David Desharnais.
10:27 of 3rd period - Stopped by Kari Lehtonen without a rebound.
10:28 of 3rd period - Henrik Sedin wins face-off versus Viktor Stalberg in Lightning zone.
10:47 of 3rd period - Shot by Henrik Sedin.
10:47 of 3rd period - Shot Misses the Net.
10:49 of 3rd period - Shot by Erik Gudbranson.
10:49 of 3rd period - Shot Misses the Net.
10:51 of 3rd period - Shot by Matt Hendricks.
10:51 of 3rd period - Shot Misses the Net.
10:53 of 3rd period - Shot by Erik Gudbranson.
10:53 of 3rd period - Goal by Erik Gudbranson - Capitals : 3 - Lightning : 2.
10:54 of 3rd period - Ryan Kesler wins face-off versus Henrik Zetterberg in neutral zone.
10:59 of 3rd period - Shot by Taylor Hall.
10:59 of 3rd period - Goal by Taylor Hall - Capitals : 4 - Lightning : 2.
11:00 of 3rd period - Ryan Kesler wins face-off versus Jeff Carter in neutral zone.
11:53 of 3rd period - Calvin de Haan is hit by Patric Hornqvist and loses puck.
12:23 of 3rd period - Icing by Patrick Eaves.
12:24 of 3rd period - Henrik Zetterberg wins face-off versus Mathieu Perreault in Lightning zone.
12:28 of 3rd period - Off-side.
12:29 of 3rd period - Henrik Sedin wins face-off versus Mathieu Perreault in neutral zone.
12:40 of 3rd period - Shot by Troy Brouwer.
12:40 of 3rd period - Stopped by Cam Ward without a rebound.
12:41 of 3rd period - Ryan Kesler wins face-off versus Henrik Zetterberg in Capitals zone.
14:34 of 3rd period - Shot by Troy Brouwer.
14:34 of 3rd period - Stopped by Cam Ward without a rebound.
14:35 of 3rd period - Ryan Kesler wins face-off versus Henrik Sedin in Capitals zone.
14:35 of 3rd period - Ryan Kesler is hit by Henrik Sedin.
15:04 of 3rd period - Shot by Dennis Wideman.
15:04 of 3rd period - Shot Misses the Net.
15:06 of 3rd period - Shot by Henrik Sedin.
15:06 of 3rd period - Shot Misses the Net.
15:15 of 3rd period - Taylor Hall is hit by Erik Gudbranson.
16:08 of 3rd period - Minor Penalty to Erik Gudbranson for Interference.
16:09 of 3rd period - Henrik Sedin wins face-off versus Viktor Stalberg in Lightning zone.
17:39 of 3rd period - Shot by Henrik Zetterberg.
17:39 of 3rd period - Stopped by Cam Ward with a rebound.
17:41 of 3rd period - Shot by Kyle Quincey.
17:41 of 3rd period - Stopped by Cam Ward without a rebound.
17:42 of 3rd period - Henrik Sedin wins face-off versus Viktor Stalberg in Capitals zone.
17:46 of 3rd period - Icing by Calvin de Haan.
17:47 of 3rd period - Henrik Sedin wins face-off versus Viktor Stalberg in Capitals zone.
18:28 of 3rd period - Shot by Lukas Sedlak.
18:28 of 3rd period - Stopped by Kari Lehtonen without a rebound.
18:29 of 3rd period - Henrik Zetterberg wins face-off versus Ryan Kesler in Lightning zone.
18:38 of 3rd period - Shot by Tobias Rieder.
18:38 of 3rd period - Shot Misses the Net.
18:51 of 3rd period - Icing by Andrej Sekera.
18:52 of 3rd period - Cody Eakin wins face-off versus Henrik Zetterberg in Lightning zone.
18:53 of 3rd period - Shot by Ryan McDonagh.
18:53 of 3rd period - Stopped by Kari Lehtonen without a rebound.
18:54 of 3rd period - Mathieu Perreault wins face-off versus Jeff Carter in Lightning zone.
19:04 of 3rd period - Cody Eakin is hit by Erik Gudbranson and loses puck.
19:19 of 3rd period - Shot by Johnny Gaudreau.
19:19 of 3rd period - Stopped by Cam Ward without a rebound.
19:20 of 3rd period - Henrik Zetterberg wins face-off versus Ryan Kesler in Capitals zone.
Goals for this period are 2 for Capitals vs 1 for Lightning.
Shots for this period are 9 for Capitals vs 16 for Lightning.